 Dungeon Crawl Stone Soup version bcrawl-1.14 (webtiles) character file.

Game seed: 8837685535021039751

53 MisterOstroum the Ducker (level 3, -1/27 HPs)
             Began as a Demonspawn Archaeologist on Sept 7, 2019.
             Was an Initiate of Okawaru.
             Slain by a gnoll
             ... wielding a +0 spear
              (5 damage)
             ... on level 2 of the Dungeon.
             The game lasted 00:02:35 (1425 turns).

MisterOstroum the Ducker (Demonspawn Archaeologist) Turns: 1425, Time: 00:02:35

Health: -1/27      AC:  6    Str: 12    XL:     3   Next: 62%
Magic:  3/3        EV: 13    Int: 15    God:    Okawaru [......]
Gold:   64         SH:  0    Dex: 11    Spells: 2/2 levels left

rFire    . . .     SeeInvis .   a - +0 whip
rCold    . . .     Gourm    .   (no shield)
rNeg     . . .     Faith    .   b - +1 robe
rPois    .         Spirit   .   c - +1 hat
rElec    .         Reflect  .   (no cloak)
rCorr    .         Harm     .   (no gloves)
MR       .....                  d - +1 pair of boots
Stlth    ++........             (no amulet)
HPRegen  0.09/turn              (no ring)
MPRegen  0.08/turn              (no ring)

@: studying Dodging
A: antennae 1
a: Renounce Religion


You were on level 2 of the Dungeon.
You worshipped Okawaru.
Okawaru was noncommittal.
You were hungry.

You visited 1 branch of the dungeon, and saw 2 of its levels.

You collected 64 gold pieces.

Inventory:

Hand Weapons
 a - a +0 whip (weapon)
 i - a +0 club
 l - a +0 spear
 n - a +0 mace
 o - a +0 falchion
 p - a +0 hand axe
Missiles
 h - 212 stones (quivered)
Armour
 b - a +1 robe (worn)
 c - a +1 hat (worn)
 d - a +1 pair of boots (worn)
Scrolls
 j - 3 scrolls of teleportation {unknown}
Potions
 k - a potion of agility {unknown}
 m - a potion of ambrosia {unknown}
Books
 g - a manual of Dodging
Miscellaneous
 f - an ancient crate
Comestibles
 e - a ration {!d}
 q - 3 chunks of flesh


   Skills:
 - Level 2.0 Fighting
 - Level 1.0 Maces & Flails
 - Level 2.0 Throwing
 + Level 3.4 Dodging
 - Level 3.0 Stealth


You had 2 spell levels left.
You didn't know any spells.
Your spell library was empty.

Dungeon Overview and Level Annotations

Branches:
Dungeon (2/12)

Altars:
Okawaru


Innate Abilities, Weirdness & Mutations

You have a pair of small antennae on your head.


Message History

The gnoll is lightly wounded.
You hear a shout!
Throwing (i - inventory)
h - 223 stones (quivered)
Press: ? - help, Shift-Dir - straight line, f/p - gnoll
Aim: a gnoll, wielding a +0 spear (lightly wounded)
You throw a stone. The stone barely misses the gnoll.
Throwing (i - inventory)
h - 222 stones (quivered)
Press: ? - help, Shift-Dir - straight line, f/p - gnoll
Aim: a gnoll, wielding a +0 spear (lightly wounded)
You throw a stone. The stone barely misses the gnoll.
Throwing (i - inventory)
h - 221 stones (quivered)
Press: ? - help, Shift-Dir - straight line, f/p - gnoll
Aim: a gnoll, wielding a +0 spear (lightly wounded)
You throw a stone. The stone closely misses the gnoll.
Throwing (i - inventory)
h - 220 stones (quivered)
Press: ? - help, Shift-Dir - straight line, f/p - gnoll
Aim: a gnoll, wielding a +0 spear (lightly wounded)
You throw a stone. The stone hits the gnoll.
The gnoll is moderately wounded.
A gnoll comes into view. It is wielding a +0 spear.
A gnoll comes into view. It is wielding a +0 club.
Throwing (i - inventory)
h - 219 stones (quivered)
Press: ? - help, Shift-Dir - straight line, f/p - gnoll
Aim: a gnoll, wielding a +0 spear (moderately wounded)
You throw a stone. The gnoll shouts!
The stone hits the gnoll.
The gnoll is moderately wounded.
The gnoll closely misses you.
Throwing (i - inventory)
h - 218 stones (quivered)
Press: ? - help, Shift-Dir - straight line, f/p - gnoll
Aim: a gnoll, wielding a +0 spear (moderately wounded)
You throw a stone. The stone hits the gnoll.
The gnoll is heavily wounded.
The gnoll hits you from afar with a +0 spear.
Throwing (i - inventory)
h - 217 stones (quivered)
Press: ? - help, Shift-Dir - straight line, f/p - gnoll
Aim: a gnoll, wielding a +0 spear (heavily wounded)
You throw a stone.
The stone hits the gnoll but does no damage.
The gnoll is heavily wounded.
The gnoll hits you but does no damage.
Throwing (i - inventory)
h - 216 stones (quivered)
Press: ? - help, Shift-Dir - straight line, f/p - gnoll
Aim: a gnoll, wielding a +0 spear (heavily wounded)
You throw a stone. The stone hits the gnoll.
The gnoll is severely wounded.
The gnoll hits you from afar with a +0 spear.
Throwing (i - inventory)
h - 215 stones (quivered)
Press: ? - help, Shift-Dir - straight line, f/p - gnoll
Aim: a gnoll, wielding a +0 spear (severely wounded)
You throw a stone. The stone hits the gnoll.
The gnoll is severely wounded.
The gnoll barely misses you.
A dart slug comes into view.
Throwing (i - inventory)
h - 214 stones (quivered)
Press: ? - help, Shift-Dir - straight line, f/p - gnoll
Aim: a gnoll, wielding a +0 spear (severely wounded)
You throw a stone. The stone hits the gnoll.
The gnoll is almost dead.
You are feeling hungry.
The gnoll barely misses you.
Throwing (i - inventory)
h - 213 stones (quivered)
Press: ? - help, Shift-Dir - straight line, f/p - gnoll
Aim: a gnoll, wielding a +0 spear (almost dead)
You throw a stone. The stone hits the gnoll.
The gnoll is almost dead.
The gnoll hits you from afar with a +0 spear!
You are too injured to fight recklessly!
You see here a frilled lizard skeleton.
The gnoll hits you from afar with a +0 spear.
You see here a jackal skeleton.
The gnoll completely misses you. The gnoll barely misses you.
You hit the gnoll.
You kill the gnoll!
Okawaru accepts your kill. The gnoll closely misses you.
The gnoll hits you but does no damage.
You see here a +0 spear.
You hit the gnoll.
The gnoll is moderately wounded.
The gnoll misses you.
You hit the gnoll.
The gnoll is heavily wounded.
The gnoll hits you with a +0 spear.
You hit the gnoll.
The gnoll is severely wounded.
The gnoll hits you but does no damage.
You closely miss the gnoll.
The gnoll is severely wounded.
The gnoll hits you with a +0 spear!
* * * LOW HITPOINT WARNING * * *
You hit the gnoll.
The gnoll is almost dead.
The gnoll hits you with a +0 spear.
* * * LOW HITPOINT WARNING * * *
You closely miss the gnoll.
The gnoll is almost dead.
The gnoll hits you with a +0 spear.
You die...

####### #.. ..#
#.# #.#
#####.###.#######
#............รท..#
##..##.###.#####.#
.....#.##...g.##@#
#.....g.g..##.##g#
##...####.###.##.#
##.## #.###.##.##
#.# #.##.g....#
#.# #.##..##.##
#+# #.....####
####.## #.##


You could see a gnoll.

Vanquished Creatures
  A gnoll (D:2)
  A worm (D:2)
  3 leopard geckos (D:1)
  5 bats (D:1)
  2 giant cockroaches (D:1)
  3 goblins (D:1)
  4 hobgoblins (D:1)
  4 jackals (D:2)
  4 kobolds
  3 frilled lizards
  5 rats
35 creatures vanquished.

Notes
Turn   | Place    | Note
-------+----------+-------------------------------------------
     0 | D:1      | MisterOstroum the Demonspawn Archaeologist began the quest
                  | for the Orb.
     0 | D:1      | Reached XP level 1. HP: 15/15 MP: 1/1
    34 | D:1      | Reached skill level 1 in Maces & Flails
   169 | D:1      | Gained mutation: You have a pair of small antennae on your
                  | head. [demonic ancestry]
   169 | D:1      | Reached XP level 2. HP: 22/22 MP: 2/2
   226 | D:1      | Reached skill level 1 in Throwing
   682 | D:1      | Found an iron altar of Okawaru.
   915 | D:1      | Reached XP level 3. HP: 17/27 MP: 3/3
   963 | D:1      | Became a worshipper of Warmaster Okawaru
  1425 | D:2      | Slain by a gnoll

Skill      XL: |  1  2  3 |
---------------+----------+-----
Maces & Flails | 1 |  1.0
Throwing       | 1 2 |  2.0
Fighting       | 2 |  2.0
Dodging        | 3 |  3.4
Stealth        | |  3.0

Action                   || total
-------------------------++-------
Melee: Whip              ||    96
Throw: Stone             ||   113
 Stab: Sleeping          ||     1
  Eat: Chunk             ||     1
Armor: Robe              ||    42
Dodge: Dodged            ||    71
